 Dungeon Sprint DCSS version 0.17-a0-1447-g3d113ad (webtiles) character file.

22 nuthulu the Grappler (level 6, -25/68 HPs)
             Began as a Troll Berserker on June 29, 2015.
             Was a Priest of Trog.
             Killed by an exploding giant spore (35 damage)
             ... in the Dungeon (Sprint VI: "Thunderdome").
             The game lasted 00:04:10 (427 turns).

nuthulu the Grappler (Troll Berserker)               Turns: 427, Time: 00:04:10

Health: -25/68     AC:  6    Str: 32    XL:     6   Next: 13%
Magic:  5/5        EV: 12    Int:  3    God:    Trog [***...]
Gold:   41         SH:  0    Dex:  9    Spells: 0 memorised, 5 levels left

rFire  . . .     SeeInvis .       - Unarmed
rCold  . . .     Clarity  .     m - +1 robe of the Journeyman {*Confuse rN+ Str+4} (curse)
rNeg   + . .     SustAt   .     (no shield)
rPois  .         Gourm    +     (helmet restricted)
rElec  .         Spirit   .     (no cloak)
rCorr  .         Warding  .     (gloves unavailable)
rMut   .         NoTele   +     (boots unavailable)
MR     .....                    (no amulet)
Stlth  +.........               (no ring)
                                (no ring)

@: confused, not resistant to hostile enchantments, very unstealthy
A: unfitting armour, claws 3, fast metabolism 3, gourmand, regeneration 2,
shaggy fur 1, tough skin 2
a: Burn Spellbooks, Berserk, Trog's Hand, Renounce Religion


You were in the Dungeon.
You worshipped Trog.
Trog was most pleased with you.
You were full.

You visited 1 branch You collected 240 gold pieces.
You spent 199 gold pieces at shops.

Inventory:

Armour
 a - a +0 animal skin
 m - the cursed +1 robe of the Journeyman (worn) {*Confuse rN+ Str+4}
   (You bought it in a shop in the Dungeon)

   It affects your strength (+4).
   It protects you from negative energy.
   It may confuse you when you take damage.
   It has a curse placed upon it.
Magical devices
 i - a wand of cold (5)
 j - a wand of fire (5)
Scrolls
 h - 4 scrolls of blinking
 k - 3 scrolls of fog
Potions
 c - a potion of curing
 d - 4 potions of heal wounds
 e - 4 potions of haste
 f - 2 potions of magic
 g - a potion of berserk rage
 l - a potion of resistance
Comestibles
 b - 2 bread rations


   Skills:
 + Level 6.5 Fighting
 + Level 6.8 Dodging
 - Level 0.1 Stealth
 + Level 8.1 Unarmed Combat


You had 5 spell levels left.
You didn't know any spells.

Dungeon Overview and Level Annotations

Branches:
Dungeon (1/1)

Altars:
Cheibriados
Dithmenos
Fedhas
Gozag
Kikubaaqudgha
Makhleb
Okawaru
Qazlal
Ru
Sif Muna
Trog
Vehumet
Xom
Yredelemnul
Zin
The Shining One
Jiyva
Lugonu

Shops:
D *[%??*?*:[((!!!!


Innate Abilities, Weirdness & Mutations

You are too large for most types of armour.
You have claws for hands.
Your metabolism is lightning-fast.
You like to eat raw meat.
You heal very quickly.
You are covered in fur (AC +1).
You have very tough skin (AC +2).


Message History

You hear an explosion!
The explosion of spores engulfs the ballistomycete. x3
You hear an explosion!
The explosion of spores engulfs the ballistomycete. x3
You hear an explosion!
A fungus suddenly grows.
The explosion of spores engulfs the ballistomycete. x2
A fungus suddenly grows.
The explosion of spores engulfs the ballistomycete. x4
You hear an explosion! x88
Unknown command.
You bump into the rock wall.
The giant spore waves its rhizomes. x3
The giant spore explodes!
A fungus suddenly grows.
The explosion of spores engulfs the ballistomycete.
The explosion of spores engulfs you!
You are more confused.
Ouch! That really hurt!
You die... #PPPP*.P._# #_PPPPP*PP# #PPPPPP*PP# ###PP.PPPPPP### #PPPPPPPPP*P.⌠# ######P8PPPPPPPP.8.###### ##∩___PPPPPP###P.PP...._∩## ##∩....PPPP8.# #P8........∩### .......P*PPP.###@P...........## .......PPP###PPP###..........⌠# ........P.# #PPP#

#..........⌠#
..........###PP*###..........⌠#
...........PP###.............##
##∩.......P8P# #.8........∩###
##∩___..PPP.###.......__∩##
######.8P........8.######
#⌠.....PP....⌠#


There were no monsters in sight!

Vanquished Creatures
  2 spiders (D)
  A brain worm (D)
  A hound (D)
  3 gnolls (D)
  2 giant cockroaches (D)
  2 ballistomycetes (D)
  A giant spore (D)
12 creatures vanquished.

Vanquished Creatures (others)
  344 giant spores (D)
344 creatures vanquished.

Grand Total: 356 creatures vanquished

Notes
Turn   | Place    | Note
--------------------------------------------------------------
     0 | D        | nuthulu the Troll Berserker began the quest for the Orb.
     0 | D        | Reached XP level 1. HP: 22/22 MP: 0/0
     1 | D        | Found a glowing silver altar of Zin.
     2 | D        | Found an iron altar of Okawaru.
     2 | D        | Found a blossoming altar of Fedhas.
     3 | D        | Found an opulent altar of Gozag.
     3 | D        | Found an ancient bone altar of Kikubaaqudgha.
     4 | D        | Found a corrupted altar of Lugonu.
     4 | D        | Found a glowing golden altar of the Shining One.
     4 | D        | Found Ucugyxa's Weapon Rack.
     4 | D        | Found Wugeum's Premium Goods.
     5 | D        | Found Nine's Basic Armour.
     5 | D        | Found Plog's Miscellaneous Merchandise.
     5 | D        | Round 1.
    23 | D        | Found a viscous altar of Jiyva.
    26 | D        | Found a sacrificial altar of Ru.
    26 | D        | Found a snail-covered altar of Cheibriados.
    26 | D        | Found Rimaun's Identification Station.
    26 | D        | Found Miwyuvais's Advanced Armour.
    27 | D        | Found Zex Wol's Jewellery.
    28 | D        | Found a shimmering altar of Xom.
    28 | D        | Found a basalt altar of Yredelemnul.
    28 | D        | Found a bloodstained altar of Trog.
    28 | D        | Found Niom's Bee Food.
    33 | D        | Bought a brightly glowing robe for 199 gold pieces
    43 | D        | Identified the cursed +1 robe of the Journeyman {*Confuse rN+ Str+4} (You bought it in a shop in the Dungeon)
    54 | D        | Found a stormy altar of Qazlal.
    55 | D        | Noticed a spider
    55 | D        | Found Wuicsoi's Magic Scroll Shop.
    56 | D        | Found Tecubeze's Magic Scroll Shop.
    56 | D        | Found Yjul's Must-Have Magic.
    57 | D        | Found a shadowy altar of Dithmenos.
    57 | D        | Found a burning altar of Makhleb.
    57 | D        | Found Nucif's Staff Store.
    64 | D        | Killed a spider
    64 | D        | Reached skill level 4 in Fighting
    64 | D        | Reached skill level 5 in Unarmed Combat
    64 | D        | Reached XP level 2. HP: 22/33 MP: 1/1
    64 | D        | Reached XP level 3. HP: 26/40 MP: 2/2
    64 | D        | Reached XP level 4. HP: 31/49 MP: 3/3
    67 | D        | Acquired Trog's second power
    97 | D        | Found a deep blue altar of Sif Muna.
    98 | D        | Found Mielip's Distillery.
    99 | D        | Found Qomagh's Distillery.
    99 | D        | Found Lirioczom's Bottled Wisdom.
    99 | D        | Found a radiant altar of Vehumet.
    99 | D        | Found Ynazokoq's Do-It-Yourself Clinic.
   115 | D        | Noticed a spider
   118 | D        | Killed a spider
   118 | D        | Reached skill level 5 in Fighting
   118 | D        | Reached skill level 5 in Dodging
   118 | D        | Reached skill level 7 in Unarmed Combat
   118 | D        | Reached XP level 5. HP: 55/59 MP: 4/4
   137 | D        | Arena points: 12 (+12) [x2]
   197 | D        | Round 2.
   278 | D        | Reached XP level 6. HP: 57/68 MP: 5/5
   325 | D        | Reached skill level 8 in Unarmed Combat
   374 | D        | Arena points: 22 (+10) [x1]
   389 | D        | Round 3.
   427 | D        | Killed by an exploding giant spore

Vault maps used:
D:        arena_sprint

Action                   |  1- 3 |  4- 6 || total
-------------------------+-------+-------++-------
Melee: Unarmed           |     7 |    25 ||    32
  Eat: Chunk             |       |     6 ||     6
